 Dungeon Crawl Stone Soup version 0.20.0-8-g6b59dc7 (webtiles) character file.

2654 miragecloak the Impaler (level 9, -3/57 HPs)
             Began as a Merfolk Monk on June 1, 2017.
             Was a Believer of Hepliaklqana.
             Slain by a spiny frog (17 damage)
             ... on level 1 of the Lair of Beasts.
             The game lasted 00:11:04 (8482 turns).

miragecloak the Impaler (Merfolk Monk)              Turns: 8482, Time: 00:11:05

Health: -3/57      AC:  9    Str: 11    XL:     9   Next: 62%
Magic:  9/9        EV: 13    Int:  9    God:    Hepliaklqana [**....]
Gold:   531        SH:  6    Dex: 25    Spells: 8/8 levels left

rFire    + + .     SeeInvis .   g - +1 spear (flame)
rCold    + . .     Gourm    .   D - +0 buckler of Waxzappu {rF+ MR+} (curse)
rNeg     + . .     Faith    .   A - +0 ring mail of Spite {rF+ Dex+5}
rPois    .         Spirit   .   m - +0 helmet
rElec    .         Reflect  .   h - +0 cloak
rCorr    .         Harm     .   t - +0 pair of gloves
MR       +....                  (no boots)
Stlth    ++........             e - amulet of magic regeneration
Regen    0.2/turn               i - ring of positive energy
MPRegen  0.2/turn               p - ring of protection from cold

@: no status effects
A: change form in water, swift swim, stealthy swim, reduced essence
a: Recall Ancestor, Ancestor Identity, Renounce Religion


You were on level 1 of the Lair of Beasts.
You worshipped Hepliaklqana.
Hepliaklqana was pleased with you.
You were not hungry.

You visited 3 branches of the dungeon, and saw 10 of its levels.

You collected 531 gold pieces.

Inventory:

Hand Weapons
 g - a +1 spear of flaming (weapon)
 M - a +0 halberd
Armour
 h - a +0 cloak (worn)
 m - a +0 helmet (worn)
 t - a +0 pair of gloves (worn)
 A - the +0 ring mail of Spite (worn) {rF+ Dex+5}
   (You found it on level 4 of the Dungeon)

   It affects your dexterity (+5).
   It protects you from fire.
 D - the cursed +0 buckler of Waxzappu (worn) {rF+ MR+}
   (You found it on level 4 of the Dungeon)

   It protects you from fire.
   It affects your resistance to hostile enchantments.
   It has a curse placed upon it.
Jewellery
 e - an amulet of magic regeneration (around neck)
 i - a ring of positive energy (left hand)
 p - a ring of protection from cold (right hand)
 q - a +2 ring of slaying {unknown}
 E - a cursed ring of loudness {unknown}
Wands
 F - a wand of acid (5/15)
 K - a wand of polymorph (10/24)
 N - a wand of flame (40/48)
 P - a wand of iceblast (5/15)
Scrolls
 d - 5 scrolls of enchant armour {unknown}
 f - 5 scrolls of identify {unknown}
 l - a scroll of fog {unknown}
 s - a scroll of random uselessness {unknown}
 v - a scroll of immolation {unknown}
 w - 3 scrolls of magic mapping {unknown}
 y - a scroll of noise {unknown}
 z - a scroll of blinking {unknown}
 B - 3 scrolls of fear {unknown}
 C - 3 scrolls of enchant weapon {unknown}
 H - 2 scrolls of teleportation {unknown}
 J - 4 scrolls of remove curse {unknown}
 S - a scroll of summoning {unknown}
Potions
 j - a potion of degeneration {unknown}
 k - a potion of heal wounds {unknown}
 n - 4 potions of curing
 o - a potion of brilliance {unknown}
 u - a potion of invisibility {unknown}
 G - a potion of flight {unknown}
 L - a potion of mutation {unknown}
 Q - a potion of haste {unknown}
 R - a potion of lignification {unknown}
Books
 b - a book of Minor Magic

   Spells                             Type                      Level
   a - Magic Dart                     Conjuration                  1
   b - Blink                          Translocation                2
   c - Call Imp                       Summoning                    2
   d - Slow                           Hexes                        2
   e - Conjure Flame                  Conjuration/Fire             3
   f - Mephitic Cloud                 Conjuration/Poison/Air       3
 I - a book of Debilitation

   Spells                             Type                      Level
   a - Corona                         Hexes                        1
   b - Slow                           Hexes                        2
   c - Inner Flame                    Hexes/Fire                   3
   d - Portal Projectile              Hexes/Translocation          3
   e - Cause Fear                     Hexes                        4
   f - Leda's Liquefaction            Hexes/Earth                  4
Comestibles
 a - 2 meat rations
 c - 7 bread rations
 r - 12 royal jellies
 x - 2 fruits
 O - 2 chunks of flesh


   Skills:
 - Level 3.2 Fighting
 + Level 15.4 Polearms
 - Level 3.1 Armour
 - Level 4.0 Dodging
 - Level 2.1 Stealth
 - Level 4.1 Shields


You had 8 spell levels left.
You didn't know any spells.

Dungeon Overview and Level Annotations

Branches:
Dungeon (8/15)             Temple (1/1) D:6            Lair (1/6) D:8

Altars:
Cheibriados
Dithmenos
Fedhas
Gozag
Hepliaklqana
Kikubaaqudgha
Nemelex Xobeh
Okawaru
Ru
Sif Muna
Uskayaw
Xom
Yredelemnul
Zin
The Shining One

Shops:
D:4 %

Annotations:
D:4 modulartoil's ghost, amateur TrMo
D:5 Dowan; Duvessa
D:7 1 runed door


Message History

The spiny frog is heavily wounded.
The spiny frog stings you.
* * * LOW HITPOINT WARNING * * *
You hit the spiny frog. You burn the spiny frog.
The spiny frog is severely wounded.
The spiny frog stings you.
* * * LOW HITPOINT WARNING * * *
You hit the spiny frog but do no damage.
The spiny frog is severely wounded.
You hit the spiny frog. You burn the spiny frog.
The spiny frog is severely wounded.
The spiny frog barely misses you.
You hit the spiny frog. You burn the spiny frog.
The spiny frog is severely wounded.
You hit the spiny frog but do no damage.
The spiny frog is severely wounded.
The spiny frog stings you.
* * * LOW HITPOINT WARNING * * *
It was a potion of curing.
You feel better. The spiny frog stings you!
You die...

## ##.# ####### #######
#..# #
.......##..#..####..# .##
.....♣.........##...##....
.≈(≈.≈....................
≈.≈.≈..≈♣.?.......<.......
≈≈≈.....≈.................
.≈.≈.≈≈≈.≈...F@.†.........
.≈.≈.≈≈≈.................#
.≈≈..≈≈≈..≈♣........##.###
F..≈≈....≈?........## ##
≈..≈≈.≈≈..≈.......##
.≈≈..≈..≈≈.♣....###
.≈≈..≈≈≈≈.≈♣...P#
≈..≈≈...≈≈.....##
≈.≈.≈...≈≈.......


You could see a spiny frog.

Vanquished Creatures
  A two-headed ogre (D:8)
  An orc warrior (D:6)
  A phantom (D:5)
  2 centaurs
  2 bullfrogs
  An electric eel (Lair:1)
  A howler monkey (D:6)
  2 centaur zombies (D:5)
  A crimson imp (D:5)
  6 orc priests
  A hound (D:5)
  2 jellies (D:8)
  7 orc wizards
  2 iguanas
  7 worker ants
  2 hound skeletons
  A howler monkey zombie (D:5)
  A gnoll (D:7)
  7 adders
  A shadow imp (D:7)
  4 oozes
  A worm (D:5)
  2 dart slugs (D:1)
  4 leopard geckos
  38 orcs
  5 bats
  3 giant cockroaches
  11 goblins
  7 hobgoblins
  9 jackals
  11 kobolds
  3 quokkas
  A ball python (D:6)
  3 frilled lizards
  8 rats
159 creatures vanquished.

Vanquished Creatures (collateral kills)
  A water moccasin (Lair:1)
  An ogre (D:7)
  A jelly (D:8)
  5 orc wizards
  A hound skeleton (D:7)
  2 gnolls (D:7)
  2 oozes (D:8)
  7 orcs
  A giant cockroach (D:6)
21 creatures vanquished.

Vanquished Creatures (others)
  2 knights
2 creatures vanquished.

Grand Total: 182 creatures vanquished

Notes
Turn   | Place    | Note
-------+----------+-------------------------------------------
     0 | D:1      | miragecloak the Merfolk Monk began the quest for the Orb.
     0 | D:1      | Reached XP level 1. HP: 18/18 MP: 1/1
    97 | D:1      | Reached skill level 5 in Polearms
   114 | D:1      | Reached XP level 2. HP: 14/24 MP: 2/2
   664 | D:1      | Reached skill level 6 in Polearms
   664 | D:1      | Reached XP level 3. HP: 29/29 MP: 3/3
  1159 | D:2      | Reached XP level 4. HP: 12/35 MP: 4/4
  1371 | D:2      | Reached skill level 7 in Polearms
  2230 | D:3      | Reached skill level 8 in Polearms
  2230 | D:3      | Reached XP level 5. HP: 22/41 MP: 5/5
  2750 | D:3      | Reached skill level 9 in Polearms
  3139 | D:4      | Noticed modulartoil's ghost (amateur TrMo)
  3220 | D:3      | Reached XP level 6. HP: 27/47 MP: 6/6
  3693 | D:4      | Got an encrusted ring mail
  3704 | D:4      | Identified the +0 ring mail of Spite {rF+ Dex+5} (You found it on level 4 of the Dungeon)
  4268 | D:5      | Entered Level 5 of the Dungeon
  4372 | D:5      | Reached skill level 10 in Polearms
  4447 | D:5      | Reached skill level 1 in Armour
  4478 | D:5      | Noticed Duvessa
  4480 | D:5      | Noticed Dowan
  4547 | D:4      | Got a warped buckler
  4553 | D:4      | Identified the cursed +0 buckler of Waxzappu {rF+ MR+} (You found it on level 4 of the Dungeon)
  4557 | D:4      | Found Minyhuc's Food Shop.
  4603 | D:4      | Reached skill level 1 in Shields
  4603 | D:4      | Reached XP level 7. HP: 52/52 MP: 7/7
  5992 | D:6      | Reached XP level 8. HP: 31/58 MP: 8/8
  6004 | D:6      | Found a staircase to the Ecumenical Temple.
  6061 | Temple   | Entered the Ecumenical Temple
  6243 | Temple   | Became a worshipper of Hepliaklqana the Forgotten
  6243 | Temple   | Reached * piety under Hepliaklqana
  6243 | Temple   | Reached ** piety under Hepliaklqana
  6244 | Temple   | Remembered your ancestor Octavius as a knight
  6382 | D:6      | Reached skill level 11 in Polearms
  7206 | D:7      | Reached skill level 12 in Polearms
  7579 | D:7      | Reached skill level 13 in Polearms
  7595 | D:7      | Found a runed door.
  7595 | D:7      | Noticed a sixfirhy
  7792 | D:8      | Reached XP level 9. HP: 53/57 MP: 9/9
  7815 | D:8      | Noticed a two-headed ogre
  8130 | D:8      | Killed a two-headed ogre
  8130 | D:8      | Reached skill level 14 in Polearms
  8210 | D:8      | Found a staircase to the Lair.
  8241 | D:8      | Reached skill level 15 in Polearms
  8292 | Lair:1   | Entered Level 1 of the Lair of Beasts
  8442 | Lair:1   | Noticed a spiny frog
  8482 | Lair:1   | Slain by a spiny frog

Skill      XL: |  1  2  3  4  5  6  7  8  9 |
---------------+----------------------------+-----
Polearms       | 5 6 8 9 10 13 15 | 15.4
Armour         | 1 3 |  3.1
Shields        | 1 3 4 |  4.1
Fighting       | |  3.2
Dodging        | |  4.0
Stealth        | |  2.1

Action                   |  1- 3 |  4- 6 |  7- 9 || total
-------------------------+-------+-------+-------++-------
Melee: Spear             |    76 |   292 |   426 ||   794
Invok: Ancestor Life: Kn |       |       |     1 ||     1
       Recall Ancestor   |       |       |     1 ||     1
  Use: Potion            |       |       |     1 ||     1
 Stab: Sleeping          |     5 |     9 |     7 ||    21
       Distracted        |       |     3 |     5 ||     8
  Eat: Chunk             |       |     8 |    12 ||    20
       Bread ration      |       |     1 |       ||     1
Armor: Robe              |     7 |    12 |       ||    19
       Ring mail         |       |    21 |    45 ||    66
Dodge: Dodged            |    42 |    99 |   105 ||   246
Block: Buckler           |       |     2 |    51 ||    53
